 Dungeon Crawl Stone Soup version 0.28.0-53-g5a82cb258f (webtiles) character file.

Game seed: 1000015857344611969

124 Woods the Magician (level 4, -7/24 HPs)
             Began as a Deep Elf Fire Elementalist on June 12, 2022.
             Killed by divine providence
             ... invoked by an orc priest
              (11 damage)
             ... on level 3 of the Dungeon.
             The game lasted 00:06:13 (3697 turns).

Woods the Magician (Deep Elf Fire Elementalist)     Turns: 3697, Time: 00:06:14

Health: -7/24      AC:  2    Str:  5    XL:     4   Next: 81%
Magic:  0/12       EV: 13    Int: 22    God:
Gold:   107        SH:  0    Dex: 15    Spells: 2/11 levels left

rFire   . . .      SeeInvis .   (no weapon)
rCold   . . .      Faith    .   (no shield)
rNeg    . . .      Spirit   .   a - +0 robe
rPois   .          Reflect  .   (no helmet)
rElec   .          Harm     .   (no cloak)
rCorr   .          Rampage  .   (no gloves)
Will    .....                   (no boots)
Stlth   ++........              (no amulet)
HPRegen 0.08/turn               (no ring)
MPRegen 0.13/turn               (no ring)

@: no status effects
A: no striking features
a: no special abilities


You were on level 3 of the Dungeon.
You visited 1 branch of the dungeon, and saw 3 of its levels.

You collected 107 gold pieces.

Inventory:

Armour
 a - a +0 robe (worn)
Wands
 o - a wand of flame (25)
Scrolls
 c - a scroll of torment {unknown}
 d - a scroll of amnesia {unknown}
 f - a scroll of immolation {unknown}
 i - 2 scrolls of blinking {unknown}
 j - 2 scrolls of teleportation {unknown}
 m - a scroll of magic mapping {unknown}
 n - a scroll of vulnerability {unknown}
Potions
 b - a potion of cancellation {unknown}
 e - a potion of heal wounds {unknown}
 g - a potion of magic {unknown}
 h - a potion of curing {unknown}
 k - 2 potions of resistance {unknown}
 l - a potion of haste {unknown}


   Skills:
 + Level 3.4 Dodging
 + Level 3.6 Stealth
 + Level 4.0 Spellcasting
 + Level 2.4 Conjurations
 + Level 4.0 Fire Magic


You had 2 spell levels left.
You knew the following spells:

 Your Spells              Type           Power      Damage    Failure   Level
a - Foxfire               Conj/Fire      72%        2x1d7     3%          1
b - Scorch                Fire           44%        2d7       3%          2
c - Conjure Flame         Conj/Fire      18%        6-21      9%          3
d - Inner Flame           Hex/Fire       13%        N/A       14%         3

Your spell library contained the following spells:

 Spells                   Type           Power      Damage    Failure   Level
 Ensorcelled Hibernation  Hex/Ice        8%         N/A       17%         2
 Flame Wave               Conj/Fire      18%        2d6       30%         4
 Passage of Golubria      Tloc           4%         N/A       73%         4
 Metabolic Englaciation   Hex/Ice        2%         N/A       97%         5
 Silence                  Hex/Air        2%         N/A       97%         5
 Conjure Ball Lightning   Conj/Air       4%         3x3d6     100%        6
 Discord                  Hex            2%         N/A       100%        8
 Disjunction              Tloc           2%         N/A       100%        8
 Lehudib's Crystal Spear  Conj/Erth      4%         10d3      100%        8


Dungeon Overview and Level Annotations

Branches:
Dungeon (3/15)

Altars:
Zin


Message History

Your magical contamination has completely faded away.
There is a stone staircase leading down here.
You hear some strange, mumbled words.
You are confused.
An orc priest comes into view. It is wielding a +0 whip.
You hear some strange, mumbled words.
Something tries to affect you, but you resist.
You bump into the rock wall.
The orc priest hits you with a +0 whip. Something hits you.
You're too confused to cast spells.
Unknown command.
You hit the orc priest but do no damage.
The orc priest looks braver for a moment.
You miss the orc priest.
You feel less confused.
The orc priest calls down the wrath of Beogh upon you.
Beogh smites you!
You closely miss the orc priest. The orc priest hits you with a +0 whip.
* * * LOW HITPOINT WARNING * * *
Casting: Foxfire (safe; 3% risk of failure)
Confirm with . or Enter, or press ? or * to list all spells.
Flames lash the orc priest.
The orc priest is lightly wounded.
The orc priest's fire resistance burns away.
The orc priest hits you with a +0 whip.
* * * LOW HITPOINT WARNING * * *
Casting: Scorch (safe; 3% risk of failure)
Confirm with . or Enter, or press ? or * to list all spells.
Flames lash something.
The orc priest miscasts a cantrip.
Unknown command.
Casting: Scorch (safe; 3% risk of failure)
Confirm with . or Enter, or press ? or * to list all spells.
Flames lash something.
Reactivating autopickup.
You feel a bit more experienced.
The orc priest is no longer more vulnerable to fire.
The orc priest invokes the aid of Beogh against you.
Beogh smites you!
You die...

#......#
#)##.#####
#......###....##
#........##....#
#......#.......#
#......##......#
#########......#
#.##...#
#######>##...#
#.@o#...##)..# #
#..)..####...# #
#...### #####
### #...# #..
#...# #.# #...#
#######.# #####
##.....#..
##.........
#..........


You could see an orc priest.

Vanquished Creatures
  A hound (D:3)
  An orc wizard (D:3)
  An adder (D:2)
  3 worms (D:2)
  3 dart slugs
  2 orcs (D:3)
  4 bats
  8 endoplasms
  3 giant cockroaches
  10 goblins
  6 hobgoblins
  4 jackals (D:2)
  A quokka (D:3)
  3 ball pythons
  6 frilled lizards
  6 kobolds
  4 rats
66 creatures vanquished.

Vanquished Creatures (others)
  172 foxfires
172 creatures vanquished.

Grand Total: 238 creatures vanquished

Notes
Turn   | Place    | Note
-------+----------+-------------------------------------------
     0 | D:1      | Woods the Deep Elf Fire Elementalist began the quest for
                  | the Orb.
     0 | D:1      | Reached XP level 1. HP: 10/10 MP: 6/6
   307 | D:1      | Reached XP level 2. HP: 15/15 MP: 2/8
   456 | D:1      | Learned a level 2 spell: Scorch
  1433 | D:2      | Reached XP level 3. HP: 19/19 MP: 7/9
  1727 | D:2      | Found a glowing silver altar of Zin.
  2283 | D:2      | Learned a level 3 spell: Conjure Flame
  2287 | D:2      | Learned a level 3 spell: Inner Flame
  2483 | D:2      | Reached XP level 4. HP: 23/24 MP: 5/11
  3132 | D:3      | Got the Papyrus of the Glacier
  3410 | D:3      | Found a faded altar of an unknown god.
  3697 | D:3      | Killed from afar by an orc priest

Illustrated notes

Levels and vault maps discovered:
D:1:      kilobyte_arrival_exit_the_forest, layout_loops_cross
D:2:      layout_basic, basic_altar, minivault_26, nrook_loot_triangle,
          chequers_serial_rivers_room_b
D:3:      layout_rooms, shapermc_ecumenical_altar_notcrosses,
          grunt_decor_one_mirror, chequers_decorated_corner, uniq_ijyb

Skill      XL: |  1  2  3  4 |
---------------+-------------+-----
Stealth        | 3 |  3.6
Dodging        | 3 |  3.4
Conjurations   | 2 |  2.4
Spellcasting   | 4 |  4.0
Fire Magic     | 4 |  4.0

Action                   |  1- 3 |  4- 6 || total
-------------------------+-------+-------++-------
Melee: Unarmed           |     1 |     7 ||     8
 Cast: Foxfire           |    79 |    26 ||   105
       Scorch            |    10 |    20 ||    30
       Conjure Flame     |       |     1 ||     1
Armor: Robe              |     3 |     2 ||     5
Dodge: Dodged            |     9 |     7 ||    16
